 Seeded DCSS version 0.31.0-32-g396128a36d (webtiles) character file.

Game seed: 8360086581783791943 (custom seed)

30 timneilson the Sneak (level 3, 0/20 HPs)
             Began as a Kobold Enchanter on Apr 1, 2024.
             Frozen to death by an endoplasm (5 damage)
             ... on level 2 of the Dungeon.
             The game lasted 00:02:17 (725 turns).

timneilson the Sneak (Kobold Enchanter)              Turns: 725, Time: 00:02:18

Health: 0/20       AC:  7    Str:  5    XL:     3   Next: 37%
Magic:  6/6        EV: 15    Int: 18    God:
Gold:   81         SH:  0    Dex: 19    Spells: 6/6 levels left

rFire   . . .        f - +1 dagger (venom)
rCold   . . .        (no shield)
rNeg    . . .        b - +0 robe
rPois   .            (no helmet)
rElec   .            (no cloak)
rCorr   .            d - +4 pair of gloves "Kakov" {Int+2 Dex+2}
SInv    .            (no boots)
Will    .....        (no amulet)
Stlth   ++++         (no ring)
HPRegen 0.23/turn    (no ring)
MPRegen 0.10/turn

%: no passive effects
@: no status effects
A: small, no large weapons, nightstalker 3
a: no special abilities


You were on level 2 of the Dungeon.
You visited 1 branch of the dungeon, and saw 2 of its levels.

You collected 81 gold pieces.

Inventory:

Hand Weapons
 a - a +1 dagger
 f - a +1 dagger of venom (weapon)
Armour
 b - a +0 robe (worn)
 d - the +4 pair of gloves "Kakov" (worn) {Int+2 Dex+2}
   (You acquired it on level 1 of the Dungeon)

   Int+2:     It affects your intelligence (+2).
   Dex+2:     It affects your dexterity (+2).
Jewellery
 h - a ring of fire
Potions
 c - 2 potions of invisibility
 e - 2 potions of heal wounds


   Skills:
 + Level 1.0 Fighting
 * Level 2.3 Short Blades
 + Level 0.6 Armour
 * Level 3.0 Dodging
 + Level 4.3 Stealth
 - Level 2.1 Spellcasting
 - Level 3.0 Hexes


You had 6 spell levels left.
You didn't know any spells.
Your spell library contained the following spells:

 Spells                   Type           Power      Damage    Failure   Level
 Ensorcelled Hibernation  Hex/Ice        14%        N/A       14%         2
 Confusing Touch          Hex            12%        N/A       16%         3
 Tukima's Dance           Hex            12%        N/A       16%         3
 Dazzling Flash           Conj/Hex       14%        N/A       28%         3


Dungeon Overview and Level Annotations

Branches:
Dungeon (2/15)

Altars:

Shops:
D:1 :


Innate Abilities, Weirdness & Mutations

You are small and have problems with some larger weapons.
You are completely attuned to the shadows.


Message History

You closely miss the kobold.
The kobold is moderately wounded.
The frilled lizard bites you.
You hit the kobold but do no damage.
The kobold is moderately wounded.
The kobold hits you but does no damage. The frilled lizard misses you.
Unknown command.
You closely miss the kobold.
The kobold is moderately wounded.
The kobold hits you but does no damage. The frilled lizard bites you.
You closely miss the kobold. The kobold hits you but does no damage.
The frilled lizard bites you but does no damage.
Unknown command.
You hit the kobold but do no damage. The kobold barely misses you.
The frilled lizard barely misses you.
You closely miss the kobold. The kobold hits you with a +0 club.
You hit the kobold but do no damage. The frilled lizard closely misses you.
The kobold misses you.
Unknown command.
You hit the frilled lizard.
You kill the frilled lizard!
The kobold barely misses you.
You hit the rat.
You kill the rat!
The kobold barely misses you.
Items here: ) †††.
You hit the kobold.
The kobold is severely wounded.
The kobold barely misses you.
f - a +1 dagger of venom The kobold hits you with a +0 club.
* * * LOW HITPOINT WARNING * * *
Your +1 dagger of venom begins to drip with poison!
f - a +1 dagger of venom (weapon)
You closely miss the kobold.
The kobold is heavily wounded.
The kobold barely misses you. The endoplasm freezes you.
You are frozen.
You die...

..................!
..................#
##...........)....#
#...............#
##...?..........#
##............r### #
......#######...J#..
...##### #J##....
.). #.@K..#
#...##.#.. #..... .#
...#.#### .#.#.#


You could see an endoplasm and a kobold.

Vanquished Creatures
  An adder (D:2)
  A dart slug (D:1)
  4 endoplasms (D:1)
  2 giant cockroaches
  A hobgoblin (D:1)
  A quokka (D:1)
  A ball python (D:2)
  5 frilled lizards
  A kobold (D:2)
  3 rats
20 creatures vanquished.

Notes
Turn   | Place    | Note
-------+----------+-------------------------------------------
     0 | D:1      | timneilson the Kobold Enchanter began the quest for the
                  | Orb.
     0 | D:1      | Reached XP level 1. HP: 10/10 MP: 3/3
   269 | D:1      | Found a faded altar of an unknown god.
   279 | D:1      | Reached XP level 2. HP: 16/16 MP: 5/5
   397 | D:1      | Found Goism's Vocational Training.
   617 | D:1      | Identified a scroll of acquirement
   617 | D:1      | Acquired the +4 pair of gloves "Kakov" {Int+2 Dex+2}
   708 | D:2      | Reached XP level 3. HP: 8/20 MP: 6/6
   710 | D:2      | Reached skill level 1 in Fighting
   725 | D:2      | Frozen to death by an endoplasm

Illustrated notes

Levels and vault maps discovered:
D:1:      reono_arrival_forest_river, layout_rooms,
          shapermc_ecumenical_altar_totnotflames, solitary_fountain,
          nicolae_shop_vocational
D:2:      layout_rooms

Skill      XL: |  1  2  3 |
---------------+----------+-----
Short Blades   | 2 |  2.3
Dodging        | 3 |  3.0
Fighting       | 1 |  1.0
Armour         | |  0.6
Stealth        | |  4.3
Spellcasting   | |  2.1
Hexes          | |  3.0

Action                     || total
---------------------------++-------
  Melee: Dagger            ||    79
    Use: Scroll            ||     3
         Potion            ||     1
   Stab: Sleeping          ||     5
 Armour: Robe              ||    38
  Dodge: Dodged            ||    64
